 Dungeon Crawl Stone Soup version 0.20.1-1-g8b1a95d (webtiles) character file.

1389 Reeggar the Covered (level 8, -1/93 HPs)
             Began as a Demonspawn Fighter on Sept 26, 2017.
             Killed by divine providence
             ... invoked by an orc priest
              (11 damage)
             ... on level 5 of the Dungeon.
             The game lasted 00:46:49 (5550 turns).

Reeggar the Covered (Demonspawn Fighter)            Turns: 5550, Time: 00:46:49

Health: -1/93      AC: 20    Str: 19    XL:     8   Next: 40%
Magic:  0/8        EV:  2    Int: 10    God:    Xom [.*....]
Gold:   281        SH: 10    Dex: 16    Spells: 7/7 levels left

rFire    . . .     SeeInvis .   a - +0 long sword
rCold    . . .     Gourm    .   c - +0 shield
rNeg     + + +     Faith    .   (armour currently unavailable)
rPois    +         Spirit   +   (helmet currently unavailable)
rElec    .         Reflect  .   (cloak currently unavailable)
rCorr    .         Harm     .   (gloves currently unavailable)
MR       .....     NoTele   +   (boots currently unavailable)
Stlth    +.........             (no amulet)
Regen    0.3/turn               (no ring)
MPRegen  0.2/turn               (no ring)

@: tree-form, corroded
A: agile 1, foul stench 1, screaming 1, strong 1, magic shield, rot immunity
a: Renounce Religion


You were on level 5 of the Dungeon.
You worshipped Xom.
You were a plaything of Xom.
You were not hungry.
You were a tree.
You visited 1 branch of the dungeon, and saw 5 of its levels.

You collected 281 gold pieces.

Inventory:

Hand Weapons
 a - a +0 long sword (weapon)
 h - a +1 mace of protection
Missiles
 u - 34 stones (quivered)
Armour
 c - a +0 shield (worn)
 g - a +2 ring mail of magic resistance (melded)
Jewellery
 d - an uncursed ring of wizardry {unknown}
Scrolls
 r - 2 scrolls of teleportation
 v - a scroll of remove curse
Potions
 l - a potion of resistance {unknown}
 n - 2 potions of brilliance
 o - a potion of degeneration {unknown}
 p - a potion of mutation
 w - a potion of ambrosia {unknown}
Comestibles
 b - 2 chunks of flesh
 k - a meat ration
 q - 8 fruits
 t - 4 bread rations


   Skills:
 + Level 5.0 Fighting
 + Level 5.2 Long Blades
 + Level 5.4 Armour
 + Level 2.9 Dodging
 + Level 5.0 Shields


You had 7 spell levels left.
You didn't know any spells.

Dungeon Overview and Level Annotations

Branches:
Dungeon (5/15)
 Temple: D:4-7

Altars:
Fedhas
Kikubaaqudgha
Makhleb
Sif Muna
Vehumet
Xom


Innate Abilities, Weirdness & Mutations

((You have a pair of antennae on your head.))
((You have sharp toenails.))
You may emit foul miasma when damaged in melee.
When hurt, damage is shared between your health and your magic reserves.
You are immune to rotting.
You are agile. (Dex +2)
You occasionally shout uncontrollably at your foes.
Your muscles are strong. (Str +2)


Message History

Your Shields skill increases to level 5!
You hit the orc.
The orc is heavily wounded.
You block the orc's attack. You block the orc priest's attack.
You slash the orc!
You kill the orc!
The orc priest hits you but does no damage.
You hit the jelly. The acid corrodes you!
Your branches burn!
* * * LOW HITPOINT WARNING * * *
The jelly is moderately wounded.
You feel yourself slow down.
The orc priest looks even sicker.
Your toxic aura wanes.
The jelly hits you but does no damage.
The jelly looks sick.
You hit the jelly.
Your branches burn!
* * * LOW HITPOINT WARNING * * *
The jelly is severely wounded.
The orc priest calls down the wrath of Beogh upon you.
Beogh smites you!
You die...

#..............#
###......o.......#
##...............##
##...........s...##
###..........###.###
....?.......###..# ..
#............o..#
.#####..........††...#
........o...!..J♣_...#
......#..........)...#
....................##
................#####
................#
................#
†...............#
..?...#........##
...$..........##


You could see a jelly and an orc priest.

Vanquished Creatures
  A hippogriff (D:5)
  2 ice beasts (D:5)
  2 ogres
  A killer bee (D:4)
  A scorpion (D:5)
  2 crimson imps (D:5)
  A bullfrog zombie (D:5)
  An orc priest (D:4)
  An orc wizard (D:3)
  2 bullfrog skeletons (D:5)
  An iguana (D:5)
  8 worker ants
  7 gnolls
  11 adders
  A shadow imp (D:5)
  2 oozes
  2 worms (D:3)
  2 dart slugs (D:1)
  6 leopard geckos
  11 orcs
  4 ball pythons
  4 bats
  12 goblins
  9 hobgoblins
  7 kobolds
  A quokka (D:3)
  A frilled lizard (D:1)
  A leopard gecko zombie (D:3)
  10 rats
114 creatures vanquished.

Vanquished Creatures (collateral kills)
  An orc priest (D:4)
  An orc wizard (D:4)
  A leopard gecko (D:4)
  An orc (D:4)
4 creatures vanquished.

Grand Total: 118 creatures vanquished

Notes
Turn   | Place    | Note
-------+----------+-------------------------------------------
     0 | D:1      | Reeggar the Demonspawn Fighter began the quest for the Orb.
     0 | D:1      | Reached XP level 1. HP: 18/18 MP: 1/1
   342 | D:1      | Gained mutation: You are immune to rotting. [demonic ancestry]
   342 | D:1      | Reached XP level 2. HP: 21/24 MP: 2/2
   910 | D:1      | Gained mutation: You have sharp toenails. [demonic ancestry]
   910 | D:1      | Reached XP level 3. HP: 27/29 MP: 3/3
  1929 | D:2      | Found a radiant altar of Vehumet.
  2150 | D:2      | Reached skill level 1 in Dodging
  2150 | D:2      | Gained mutation: You may emit foul miasma when damaged in melee. [demonic ancestry]
  2150 | D:2      | Reached XP level 4. HP: 34/35 MP: 4/4
  2217 | D:2      | Found a shimmering altar of Xom.
  2217 | D:2      | Found a deep blue altar of Sif Muna.
  2223 | D:2      | Found an ancient bone altar of Kikubaaqudgha.
  2224 | D:2      | Found a blossoming altar of Fedhas.
  2268 | D:2      | Became a worshipper of Xom of Chaos
  2310 | D:2      | XOM: harmless Necr miscast
  2891 | D:3      | XOM: 5-stop teleportation journey
  2911 | D:3      | XOM: swap monsters
  2922 | D:3      | XOM: cleaving
  2988 | D:3      | XOM: mild Fire miscast
  3054 | D:3      | Gained mutation: When hurt, damage is shared between your health and your magic reserves. [demonic ancestry]
  3054 | D:3      | Reached XP level 5. HP: 41/42 MP: 5/5
  3249 | D:3      | XOM: stat loss: -1 Dex (11/12)
  3337 | D:3      | XOM: medium Hex miscast
  3452 | D:3      | XOM: harmless Ice miscast
  3522 | D:3      | XOM: mild Air miscast
  3563 | D:3      | XOM: give mutations
  3563 | D:3      | Gained mutation: You occasionally shout uncontrollably at your foes. [Xom's mischief]
  3563 | D:3      | Gained mutation: You sometimes yell uncontrollably at your foes. [Xom's mischief]
  3563 | D:3      | Gained mutation: Your natural rate of healing is unusually fast. [Xom's mischief]
  3575 | D:3      | XOM: harmless Necr miscast
  3735 | D:3      | XOM: cloud trail
  4052 | D:4      | XOM: potion effect (invisibility)
  4203 | D:4      | XOM: smoke on damage
  4204 | D:4      | XOM: potion effect (magic)
  4213 | D:4      | XOM: confuse monster(s)
  4220 | D:4      | Gained mutation: You have a pair of small antennae on your head. [demonic ancestry]
  4220 | D:4      | Reached XP level 6. HP: 28/48 MP: 6/6
  4301 | D:4      | XOM: god gift: 21 stones
  4425 | D:4      | XOM: mild Pois miscast
  4742 | D:4      | XOM: polymorph gnoll -> killer bee
  4747 | D:4      | XOM: cast spell 'Disjunction'
  4866 | D:4      | Reached XP level 7. HP: 30/54 MP: 2/7
  5050 | D:5      | Entered Level 5 of the Dungeon
  5055 | D:5      | XOM: summons friendly crimson imp
  5060 | D:5      | XOM: enchant monster (good)
  5123 | D:5      | Noticed a hippogriff
  5132 | D:5      | Killed a hippogriff
  5132 | D:5      | Reached skill level 5 in Armour
  5132 | D:5      | Gained mutation: You have a pair of antennae on your head. [demonic ancestry]
  5132 | D:5      | Reached XP level 8. HP: 41/61 MP: 4/8
  5223 | D:5      | XOM: harmless Pois miscast
  5325 | D:5      | XOM: scenery: create altars
  5401 | D:5      | Reached skill level 5 in Long Blades
  5474 | D:5      | XOM: harmless Erth miscast
  5484 | D:5      | Reached skill level 5 in Fighting
  5488 | D:5      | XOM: swap monsters
  5491 | D:5      | Found a burning altar of Makhleb.
  5494 | D:5      | XOM: cast spell 'Dispersal'
  5504 | D:5      | XOM: summons friendly iron imp
  5534 | D:5      | Lost mutation: Your natural rate of healing is unusually fast. [potion of mutation]
  5534 | D:5      | Lost mutation: You sometimes yell uncontrollably at your foes. [potion of mutation]
  5534 | D:5      | Gained mutation: You are agile. (Dex +2) [potion of mutation]
  5534 | D:5      | Gained mutation: Your muscles are strong. (Str +2) [potion of mutation]
  5545 | D:5      | XOM: cast spell 'Olgreb's Toxic Radiance'
  5546 | D:5      | Reached skill level 5 in Shields
  5550 | D:5      | Killed from afar by an orc priest

Skill      XL: |  1  2  3  4  5  6  7  8 |
---------------+-------------------------+-----
Armour         | 3 4 5 |  5.4
Shields        | 3 4 5 |  5.0
Long Blades    | 2 3 4 5 |  5.2
Dodging        | 1 2 |  2.9
Fighting       | 4 5 |  5.0

Action                   |  1- 3 |  4- 6 |  7- 9 || total
-------------------------+-------+-------+-------++-------
Melee: Long sword        |   103 |   215 |   102 ||   420
       Kick              |     8 |    56 |    35 ||    99
Throw: Stone             |       |       |     1 ||     1
  Use: Scroll            |     4 |     5 |     2 ||    11
       Potion            |       |     4 |     7 ||    11
 Stab: Invisible         |       |     1 |       ||     1
       Paralysed         |       |       |     1 ||     1
  Eat: Bread ration      |     1 |       |       ||     1
       Chunk             |       |     5 |     1 ||     6
       Meat ration       |       |     1 |       ||     1
Armor: Scale mail        |    44 |    11 |       ||    55
       Ring mail         |       |    49 |    41 ||    90
       Skin              |       |       |    30 ||    30
Dodge: Dodged            |    32 |   113 |    52 ||   197
Block: Shield            |    55 |   155 |    67 ||   277
       Rpst.: Long sword |     8 |    38 |    18 ||    64
